 Dungeon Crawl Stone Soup version 0.31.0-1-g2c135a0 (webtiles) character file.

Game seed: 16759502269223583989

203 Tl02 the Ducker (level 5, 0/53 HPs)
             Began as a Troll Berserker on Mar 9, 2024.
             Was a Believer of Trog.
             Slain by an ogre
             ... wielding a +0 giant club
              (8 damage)
             ... on level 2 of the Dungeon on Apr 12, 2024.
             The game lasted 00:23:09 (3255 turns).

Tl02 the Ducker (Troll Berserker)                   Turns: 3255, Time: 00:23:10

Health: 0/53       AC:  4    Str: 27    XL:     5   Next: 51%
Magic:  4/4        EV: 11    Int:  9    God:    Trog [**....]
Gold:   142        SH:  0    Dex: 15    Spells: 4/4 levels left

rFire   . . .        g - +0 long sword
rCold   . . .        (no shield)
rNeg    . . .        c - +0 robe
rPois   .            (helmet restricted)
rElec   .            (no cloak)
rCorr   .            (gloves unavailable)
SInv    .            (boots unavailable)
Will    .....        (no amulet)
Stlth   ++           s - +6 ring of dexterity
HPRegen 1.08/turn    u - +6 ring of intelligence
MPRegen 0.09/turn

%: no passive effects
@: on berserk cooldown, slowed, very slow
A: large, unfitting armour, claws 3, regeneration 1, shaggy fur 1, tough skin 1
a: Renounce Religion, Berserk, Trog's Hand


You were on level 2 of the Dungeon.
You worshipped Trog.
Trog was pleased with you.
You visited 1 branch of the dungeon, and saw 4 of its levels.

You collected 142 gold pieces.

Inventory:

Hand Weapons
 a - a +0 mace
 e - a +0 dagger
 g - a +0 long sword (weapon)
 m - a +0 scythe
 p - a +0 short sword of draining
Armour
 b - a +0 animal skin
 c - a +0 robe (worn)
 t - a +0 ring mail
Jewellery
 s - a +6 ring of dexterity (left claw)
 u - a +6 ring of intelligence (right claw)
Scrolls
 d - 3 scrolls of immolation {unknown}
 h - 4 scrolls of identify {unknown}
 o - 2 scrolls of teleportation {unknown}
 q - a scroll of vulnerability {unknown}
Potions
 f - a potion of attraction {unknown}
 i - a potion of curing (quivered)
 j - a potion of haste {unknown}
 k - a potion of mutation {unknown}
 l - a potion of magic {unknown}
 n - 3 potions of brilliance


   Skills:
 + Level 3.1 Fighting
 + Level 1.5(1.9) Short Blades
 + Level 1.6(2.0) Long Blades
 + Level 3.0 Maces & Flails
 + Level 3.4 Dodging
 + Level 0.5 Stealth


You had 4 spell levels left.
You didn't know any spells.
Your spell library was empty.

Dungeon Overview and Level Annotations

Branches:
Dungeon (4/15)
 Temple: D:4-7

Altars:

Annotations:
D:4 Edmund, Ijyb


Innate Abilities, Weirdness & Mutations

You are too large for most types of armour.
You have claws for hands.
Your natural rate of healing is unusually fast.
You are covered in fur. (AC +1)
You have tough skin. (AC +1)


Message History

The orc closely misses you.
There is a stone staircase leading up here.
The orc barely misses you. The ogre hits you with a +0 giant club!
You climb upwards.
There is a stone staircase leading down here.
The ogre hits you with a +0 giant club! The orc attacks as it pursues you!
The orc closely misses you. The orc attacks as it pursues you!
The orc closely misses you. The orc attacks as it pursues you!
The orc closely misses you.
You see here 8 stones.
The orc attacks as it pursues you! The orc hits you but does no damage.
The orc hits you but does no damage.
There is a stone staircase leading up here.
The orc hits you with a +0 club.
You climb upwards.
There is a stone staircase leading down here.
You slash the orc!
You kill the orc!
Trog accepts your kill.
You see here a +0 club.
You see here a +0 club.
There is a stone staircase leading down here.
A red film seems to cover your vision as you go berserk!
You feel yourself moving faster!
You feel mighty!
You feel a strong urge to attack something.
There is a stone staircase leading down here.
You climb downwards.
You feel your anger nearly subside.
You are no longer berserk.
You are exhausted.
You feel yourself slow down. The ogre misses you.
There is a stone staircase leading up, spattered with blood here.
The ogre hits you with a +0 giant club!!
Ouch! That really hurt!
You climb upwards.
There is a stone staircase leading down here.
The ogre hits you with a +0 giant club!!
* * * LOW HITPOINT WARNING * * *
The ogre attacks as it pursues you! The ogre closely misses you.
The ogre attacks as it pursues you! The ogre hits you with a +0 giant club!
You die...

#.........####.....#.############
#.#.#####.####.###.#.# #.#.#
#......# #...# #)#.#
######.###.#.# ....# #.....#.#
..### #######.##..# ..#
#..)....##..# ..# #.########..#
..# #.##..O@....# ..#
#.##.#####.## ..########.##.# #.#
.....)...#.##># #.#
.........#.##)# #.#
#######..#.##.# #.###########
#..#.##.# #...........#
#..#.##.#####..########.#
#.................# #.#


You could see an ogre.

Vanquished Creatures
  Sigmund (D:3)
  3 dart slugs
  An orc (D:2)
  3 endoplasms
  3 giant cockroaches
  A goblin (D:3)
  8 hobgoblins
  2 jackals (D:2)
  2 quokkas
  5 ball pythons
  3 bats
  3 frilled lizards
  3 kobolds
  7 rats
45 creatures vanquished.

Vanquished Creatures (others)
  A ball python (D:1)
1 creature vanquished.

Grand Total: 46 creatures vanquished

Notes
Turn   | Place    | Note
-------+----------+-------------------------------------------
     0 | D:1      | Tl02 the Troll Berserker began the quest for the Orb.
     0 | D:1      | Reached XP level 1. HP: 22/22 MP: 0/0
   137 | D:1      | Reached XP level 2. HP: 29/29 MP: 1/1
   534 | D:3      | Reached XP level 3. HP: 34/36 MP: 2/2
   700 | D:3      | Noticed Sigmund
   756 | D:2      | Reached ** piety under Trog
  2457 | D:4      | Noticed Ijyb
  2779 | D:4      | Noticed Edmund
  2779 | D:4      | Noticed an ogre
  2825 | D:4      | Noticed an ogre
  3158 | D:3      | Killed Sigmund
  3159 | D:3      | Reached skill level 1 in Short Blades
  3159 | D:3      | Reached skill level 1 in Long Blades
  3159 | D:3      | Reached XP level 4. HP: 42/45 MP: 3/3
  3159 | D:3      | Reached XP level 5. HP: 50/53 MP: 4/4
  3211 | D:4      | Noticed an ogre
  3255 | D:2      | Slain by an ogre

Illustrated notes

Levels and vault maps discovered:
D:1:      shiori_arrival_maze, layout_basic
D:2:      layout_loops_ring
D:3:      layout_loops_cross, uniq_sigmund
D:4:      layout_basic, grunt_dithmenos_smoke, uniq_crazy_yiuf_cottage,
          uniq_edmund, uniq_ijyb

Skill      XL: |  1  2  3 |
---------------+----------+-----
Maces & Flails | 3 |  3.0
Dodging        | 3 |  3.4
Fighting       | 3 |  3.1
Short Blades   | 1 |  1.5
Long Blades    | 1 |  1.6
Stealth        | |  0.5

Action                     |  1- 3 |  4- 6 || total
---------------------------+-------+-------++-------
  Melee: Mace              |    18 |       ||    18
         Dagger            |    26 |       ||    26
         Punch             |     1 |       ||     1
         Long sword        |    70 |     1 ||    71
         Short sword       |    49 |       ||    49
 Invoke: Berserk           |       |     1 ||     1
    Use: Potion            |     4 |       ||     4
   Stab: Sleeping          |     2 |       ||     2
 Armour: Animal skin       |    19 |       ||    19
         Robe              |   132 |     9 ||   141
         Skin              |    13 |       ||    13
  Dodge: Dodged            |   125 |     8 ||   133
